 Dungeon Crawl Stone Soup version 0.31-a0-240-gb923e448b6 (webtiles) character file.

Game seed: 7663506981802987090

88 qw the Shooter (level 4, -2/27 HPs)
             Began as a Gargoyle Hexslinger on July 12, 2023.
             Slain by a worm (3 damage)
             ... on level 2 of the Dungeon.
             The game lasted 00:00:40 (1291 turns).

qw the Shooter (Gargoyle Hexslinger)                Turns: 1291, Time: 00:00:41

Health: -2/27      AC:  8    Str: 12    XL:     4   Next: 53%
Magic:  5/5        EV: 10    Int: 13    God:
Gold:   43         SH:  0    Dex: 14    Spells: 4/5 levels left

rFire   . . .        Y - +1 sling
rCold   . . .        (no shield)
rNeg    + . .        d - +0 ring mail
rPois   inf          (no helmet)
rElec   +            (no cloak)
rCorr   +            (no gloves)
SInv    .            (no boots)
Will    .....        (no amulet)
Stlth   +            e - ring of resist corrosion
HPRegen 0.24/turn    (no ring)
MPRegen 0.09/turn

%: no passive effects
@: no status effects
A: sickness immunity, AC +3, negative energy resistance 1, electricity
resistance, torment resistance 1, petrification resistance
a: no special abilities


You were on level 2 of the Dungeon.
You visited 1 branch of the dungeon, and saw 2 of its levels.

You collected 43 gold pieces.


Innate Abilities, Weirdness & Mutations

You are immune to sickness and miasma.
Your stone body is resilient. (AC +3)
You are immune to poison.
You resist negative energy. (rN+)
You are resistant to electric shocks. (rElec)
You are resistant to unholy torment.
You are immune to petrification.


   Skills:
 - Level 2.3 Fighting
 - Level 4.1 Ranged Weapons
 + Level 0.3 Armour
 - Level 1.5 Dodging
 - Level 1.0 Spellcasting
 - Level 2.6 Hexes


You had 4 spell levels left.
You knew the following spells:

 Your Spells              Type           Power      Damage    Failure   Level
a - Slow                  Hex            28%        N/A       22%         1

Your spell library contained the following spells:

 Spells                   Type           Power      Damage    Failure   Level
 Inner Flame              Hex/Fire       4%         N/A       73%         3
 Portal Projectile        Hex/Tloc       8%         N/A       73%         3
 Cause Fear               Hex            3%         N/A       91%         4

Inventory:

Hand Weapons
 Y - a +1 sling (weapon)
Armour
 d - a +0 ring mail (worn)
Jewellery
 e - a ring of resist corrosion (left hand)
Scrolls
 a - 3 scrolls of identify
Potions
 b - a potion of brilliance {unknown}
 f - a potion of degeneration {unknown}

Dungeon Overview and Level Annotations

Branches:
Dungeon (2/15)

Altars:


Message History

The endoplasm freezes you.
You are frozen.
You shoot a sling bullet.
The sling bullet barely misses the worm.
The endoplasm completely misses you. The worm bites you but does no damage.
You shoot a sling bullet. The sling bullet hits the worm.
The worm is heavily wounded.
A bat comes into view.
The endoplasm hits you but does no damage.
The worm bites you.
You shoot a sling bullet.
The sling bullet barely misses the worm.
The endoplasm freezes you.
You are frozen.
The endoplasm closely misses you.
You shoot a sling bullet.
The sling bullet hits the worm but does no damage.
The worm is heavily wounded.
The bat barely misses you. The worm closely misses you.
The endoplasm freezes you.
You are frozen.
A kobold comes into view. It is wielding a +0 flail.
You shoot a sling bullet. The kobold shouts!
The sling bullet hits the worm but does no damage.
The worm is moderately wounded.
The bat hits you but does no damage. The endoplasm freezes you.
You are frozen.
The worm bites you but does no damage.
You shoot a sling bullet. The sling bullet hits the worm!
The worm is severely wounded.
The bat hits you but does no damage.
The endoplasm hits you but does no damage.
The worm barely misses you.
The endoplasm hits you but does no damage.
You shoot a sling bullet. The sling bullet hits the worm.
The worm is almost dead.
The bat hits you. The endoplasm freezes you.
You are frozen.
The bat hits you but does no damage. The worm bites you.
You die...

#.)...).. ..#
#####........ ..#
#......###... #.#
#......# #... . #.#
#......# #... .. #.#
#......# ##..
###.###.####......####..
....%..b#...............
......J@..############..
#......w### #..
####....# ..#####.
####K# ........ ..#
.>....#### ..# #...... #
...# ####...... # ##.#
#....... # #...... #


You could see a worm, an endoplasm, a bat and a kobold.

Vanquished Creatures
  2 gnolls
  2 adders (D:2)
  2 dart slugs (D:1)
  5 ball pythons
  6 endoplasms
  2 giant cockroaches
  4 goblins
  5 hobgoblins
  2 jackals (D:1)
  2 quokkas (D:1)
  3 bats
  2 frilled lizards (D:2)
  3 kobolds (D:1)
  4 rats
44 creatures vanquished.

Notes
Turn   | Place    | Note
-------+----------+-------------------------------------------
     0 | D:1      | qw the Gargoyle Hexslinger began the quest for the Orb.
     0 | D:1      | Reached XP level 1. HP: 12/12 MP: 2/2
     0 | D:1      | 0 ||| qw: Version: 0.3-a-52-g30416fa
     0 | D:1      | 0 ||| qw: Game counter: 6164
     0 | D:1      | 0 ||| qw: Melee chars always use a shield: true
     0 | D:1      | 0 ||| qw: God list: Okawaru
     0 | D:1      | 0 ||| qw: Allow faded altars: false
     0 | D:1      | 0 ||| qw: Do Orc after clearing Dungeon:15 true
     0 | D:1      | 0 ||| qw: Do second Lair branch before Depths: true
     0 | D:1      | 0 ||| qw: Lair rune preference: random
     0 | D:1      | 0 ||| qw: Goals: Normal
     0 | D:1      | 0 ||| PLANNING D:1-11
    54 | D:1      | Found a faded altar of an unknown god.
   132 | D:1      | Reached XP level 2. HP: 16/16 MP: 3/3
   266 | D:1      | Reached skill level 3 in Ranged Weapons
   320 | D:1      | 320 ||| FLEEEEING.
   321 | D:1      | 321 ||| FLEEEEING.
   322 | D:1      | 322 ||| FLEEEEING.
   323 | D:1      | 323 ||| FLEEEEING.
   324 | D:1      | 324 ||| FLEEEEING.
   325 | D:1      | 325 ||| FLEEEEING.
   339 | D:1      | 339 ||| FLEEEEING.
   416 | D:1      | Reached XP level 3. HP: 22/22 MP: 4/4
   772 | D:1      | 772 ||| UPGRADING to +0 ring mail.
   782 | D:1      | 782 ||| DROPPING +0 robe.
   783 | D:1      | 783 ||| UPGRADING to ring of resist corrosion.
   784 | D:1      | 784 ||| READING scroll labelled TUIXTI BATHRULE.
   785 | D:1      | 785 ||| READING scroll labelled YWAUROENTIANO.
   786 | D:1      | 786 ||| DROPPING scroll of poison.
  1053 | D:2      | Reached XP level 4. HP: 27/27 MP: 5/5
  1124 | D:2      | Reached skill level 4 in Ranged Weapons
  1291 | D:2      | HP: 6/27 [bat (1)]
  1291 | D:2      | HP: 1/27 [frozen (5)]
  1291 | D:2      | Slain by a worm

Levels and vault maps discovered:
D:1:      spicycebolla_arrival_xxxplode, layout_basic,
          chequers_ecumenical_altar_simple
D:2:      minmay_recursive_quarters, layout_basic, serial_rivers,
          chequers_serial_rivers_small_3, chequers_serial_rivers_small_a,
          chequers_serial_rivers_small_a, chequers_serial_rivers_room_b,
          minmay_tripent

Skill      XL: |  1  2  3  4 |
---------------+-------------+-----
Ranged Weapons | 3 4 |  4.1
Fighting       | 2 |  2.3
Armour         | |  0.3
Dodging        | |  1.5
Spellcasting   | |  1.0
Hexes          | |  2.6

Action                     |  1- 3 |  4- 6 || total
---------------------------+-------+-------++-------
   Fire: Sling             |   131 |    45 ||   176
    Use: Scroll            |     2 |       ||     2
 Armour: Robe              |    11 |       ||    11
         Ring mail         |    11 |    22 ||    33
  Dodge: Dodged            |    48 |    12 ||    60

Table legend:
 A = Non-vault XP
 B = Vault XP
 C = Vault XP percentage of total XP
 D = Non-vault monster count
 E = Vault monster count
 F = Vault count percentage of total count
                 A         B        C        D         E       F
            +---------+---------+-------+---------+---------+-------
      Total |     123 |       3 |   2.4 |      41 |       3 |   6.8
            +---------+---------+-------+---------+---------+-------
        D:1 |      61 |       0 |   0.0 |      26 |       0 |   0.0
        D:2 |      62 |       3 |   4.6 |      15 |       3 |  16.7
            +---------+---------+-------+---------+---------+-------
